AoeStats
← Coyunto90

Four Lakes

509478720Analyzed
1v1 RM · 6d ago on Sep 26, 2026· 25m 56s· 2 players
Game mode
Random Map
Map size
Tiny (2 player)
Population
200
Speed
Normal
Resources
Standard
Victory
Conquest
Starting age
Dark Age
Ending age
Imperial Age
RankedLock teamsTeams togetherTeam positionsShared explorationLock speedFull tech treeHidden civsTurbo modeCheats
Victory
Defeat
🇪🇸 Persians · Spain
1110
+16
🇺🇸 Varangians · United States
1104
-16
Maerlin_the_Mighty325
8:25 Loom
11:27 Feudal Age
15:15 Castle Age
14:59 Scale Barding Armor
16:29 Forging
17:25 Town Watch
21:26 Wheelbarrow
21:09 Bloodlines
22:24 Double-Bit Axe
24:49 Fishing Lines
26:21 Scale Mail Armor
Coyunto90
9:51 Feudal Age
10:18 Double-Bit Axe
11:07 Man-at-Arms
11:58 Fishing Lines
14:12 Scale Mail Armor
14:26 Arson
14:44 Loom
17:43 Forging
20:12 Wheelbarrow
22:44 Castle Age
21:55 Scale Barding Armor
22:19 Gold Mining
22:52 Bloodlines
23:21 Gillnets
24:39 Husbandry
25:19 Bow Saw
26:01 Chain Barding Armor
Connection lost

Rejoining the realm…

Still unreachable

The connection could not be restored.

Session expired

The server has moved on; the page needs a fresh start.